 Dungeon Crawl Stone Soup version 0.32-a0-666-ge8a88695a4 (webtiles) character file.

Game seed: 6900528202013620459

49976 warriortoast the Thaumaturge (level 14, -8/88 HPs)
             Began as a Gargoyle Earth Elementalist on Feb 28, 2024.
             Was a Priest of Vehumet.
             Hit by a large rock thrown by a stone giant (30 damage)
             ... on level 11 of the Dungeon on Mar 10, 2024.
             The game lasted 01:53:48 (32137 turns).

warriortoast the Thaumaturge (GrEE)                Turns: 32137, Time: 01:53:48

Health: -8/88      AC: 15    Str: 12    XL:     14   Next: 53%
Magic:  30/30      EV: 17    Int: 19    God:    Vehumet [***...]
Gold:   552        SH:  0    Dex: 12    Spells: 5/38 levels left

rFire   + . .        (no weapon)
rCold   + + .        i - orb {*channel}
rNeg    + . .        F - +0 robe {Will+}
rPois   ∞            J - +0 helmet
rElec   +            x - scarf {rC+ rF+}
rCorr   .            (no gloves)
SInv    .            Q - +0 pair of boots
Will    +++..        d - amulet of magic regeneration
Stlth   +++          S - +5 ring of evasion
HPRegen 0.34/turn    B - ring "Yxux Xas" {Wiz rC+ Will+}
MPRegen 0.62/turn

%: wizardry (x1), channel magic (20%)
@: unswift, flying, very slow
A: sickness immunity, AC +10, big wings, negative energy resistance 1,
electricity resistance, torment resistance 1, petrification resistance
a: Renounce Religion


You were on level 11 of the Dungeon.
You worshipped Vehumet.
Vehumet was most pleased with you.
You visited 2 branches of the dungeon, and saw 16 of its levels.

You collected 1292 gold pieces.
You spent 740 gold pieces at shops.

Inventory:

Hand Weapons
 r - a +2 mace of flaming
Missiles
 m - 2 throwing nets
Armour
 i - an orb of energy (worn)
 s - a +0 pair of boots
 x - a scarf of resistance (worn)
 A - a scarf of invisibility
 F - a +0 robe of willpower (worn)
 J - a +0 helmet (worn)
 Q - a +0 pair of boots (worn)
 R - a +1 cloak
Magical Staves
 L - a staff of conjuration
Jewellery
 d - an amulet of magic regeneration (around neck)
 k - an amulet of reflection
 o - a +6 ring of dexterity
 z - a ring of positive energy
 B - the ring "Yxux Xas" (right hand) {Wiz rC+ Will+}
   (You found it on level 4 of the Dungeon)

   [ring of wizardry]

   Wiz:       It improves your spell success rate.
   rC+:       It protects you from cold.
   Will+:     It increases your willpower.
 C - an amulet of the acrobat
 S - a +5 ring of evasion (left hand)
 W - the ring "Ufusmiwk" {+Blink Fly rElec rPois Stlth-}
   (You found it on level 10 of the Dungeon)

   [ring of flight]

   rElec:     It insulates you from electricity.
   rPois:     It protects you from poison.
   Fly:       It grants you flight.
   +Blink:    It lets you blink.
   Stlth-:    It makes you less stealthy.
Talismans
 O - a flux talisman
Wands
 u - a wand of flame (11)
 D - a wand of light (5)
 N - a wand of digging (12)
 T - a wand of roots (4)
 U - a wand of paralysis (6)
Scrolls
 a - 6 scrolls of fear
 c - a scroll of fog {unknown}
 e - 3 scrolls of vulnerability
 l - 5 scrolls of immolation
 p - 7 scrolls of identify
 q - 2 scrolls of poison
 t - 4 scrolls of blinking
 E - 2 scrolls of enchant weapon
 G - 2 scrolls of brand weapon
 H - 10 scrolls of teleportation
 I - a scroll of summoning
 V - 2 scrolls of amnesia {unknown}
Potions
 b - 2 potions of magic
 f - 3 potions of ambrosia
 g - 3 potions of brilliance
 h - a potion of invisibility
 j - 3 potions of lignification
 n - 6 potions of curing
 v - 3 potions of berserk rage
 w - 4 potions of heal wounds
 K - a potion of might
 M - a potion of enlightenment
 P - 2 potions of haste
 Z - 2 potions of cancellation


   Skills:
 - Level 10.0 Fighting
 - Level 5.0 Maces & Flails
 - Level 8.0 Armour
 - Level 1.6 Dodging
 - Level 6.0 Stealth
 + Level 12.9 Spellcasting
 + Level 10.9 Conjurations
 + Level 6.1 Fire Magic
 + Level 4.4 Air Magic
 + Level 10.7 Earth Magic
 + Level 4.6 Evocations


You had 5 spell levels left.
You knew the following spells:

 Your Spells              Type           Power      Damage    Failure   Level
a - Sandblast             Erth           100%       2d20      1%          1
b - Stone Arrow           Conj/Erth      100%       3d13      1%          3
c - Passwall              Erth           52%        N/A       1%          3
d - Brom's Barrelling Bo  Conj/Erth      52%        2d7       1%          4
e - Swiftness             Air            29%        N/A       4%          3
f - Petrify               Alch/Erth      32%        N/A       7%          4
g - Plasma Beam           Fire/Air       16%        2x1d27    16%         6
h - Airstrike             Air            14%        2d(3-19)  2%          4
i - Foxfire               Conj/Fire      100%       2x1d9     1%          1
j - Mercury Vapours       Alch/Air       40%        N/A       1%          2
k - Blink                 Tloc           24%        N/A       9%          2

Your spell library contained the following spells:

 Spells                   Type           Power      Damage    Failure   Level
 Shock                    Conj/Air       100%       1d9       1%          1
 Momentum Strike          Conj/Tloc      66%        3d9       1%          2
 Dazzling Flash           Conj/Hex       66%        N/A       1%          3
 Arcjolt                  Conj/Air       20%        1d30      1%          5
 Lesser Beckoning         Tloc           24%        N/A       9%          2
 Vhi's Electric Charge    Tloc/Air       40%        N/A       19%         4
 Starburst                Conj/Fire      22%        6d7       6%          6
 Lehudib's Crystal Spear  Conj/Erth      26%        10d7      47%         8
 Maxwell's Capacitive Co  Air            14%        ∞         99%         8
 Sublimation of Blood     Necr           Unusable   N/A       N/A         2

Dungeon Overview and Level Annotations

Branches:
Dungeon (11/15)            Temple (0/1) D:4            Lair (5/5) D:8
 Shoals (0/4) Lair:2       Spider (0/4) Lair:2        Slime (0/5) Lair:5
    Orc (0/2) D:11

Altars:
Ashenzari
Dithmenos
Elyvilon
Hepliaklqana
Kikubaaqudgha
Makhleb
Okawaru
Qazlal
Ru
Sif Muna
Uskayaw
Vehumet
Zin
Jiyva

Shops:
D:1 !   D:5 *   D:8 =*   D:10 *

Annotations:
D:4 1 transporter, domi's ghost, amateur VSNe


Innate Abilities, Weirdness & Mutations

You are immune to sickness and miasma.
Your stone body is resilient. (AC +10)
You are immune to poison.
Your large and strong wings let you fly.
You resist negative energy. (rN+)
You are resistant to electric shocks. (rElec)
You are resistant to unholy torment.
You are immune to petrification.


Message History

You send a boulder barrelling forward!
The stone giant shouts!
The stone giant hits your boulder!!
The boulder barrels into the stone giant!
The stone giant is lightly wounded.
Your boulder is destroyed!
The stone giant throws a large rock.
The large rock barely misses you.
Casting: Brom's Barrelling Boulder (mildly dangerous; 1% risk of failure)
Confirm with . or Enter, or press ? or * to list all spells.
Aiming: Brom's Barrelling Boulder (mildly dangerous; 1% risk of failure)
Press: ? - help, Dir - move target, f/p - stone giant
Aim: a stone giant, quivering large rocks (100% to hit)
You send a boulder barrelling forward!
Magical energy flows into your mind!
The stone giant throws a large rock.
The large rock hits your boulder! The stone giant hits your boulder!
Your boulder is destroyed!
The stone giant throws a large rock.
The large rock misses you.
Casting: Brom's Barrelling Boulder (mildly dangerous; 1% risk of failure)
Confirm with . or Enter, or press ? or * to list all spells.
You feel quick.
The stone giant throws a large rock.
The large rock hits you!!!
Ouch! That really hurt!
You hear a shout!
You see here a +2 heavy battleaxe.
You start to feel a little slower.
You start resting.
You feel sluggish.
You start resting.
A stone giant is nearby!
The stone giant hits you but does no damage.
Items here: ( )) ÷÷.
The stone giant hits you!!
* * * LOW HITPOINT WARNING * * *
You see here a +2 heavy battleaxe.
You start to feel a little faster.
The stone giant attacks as it pursues you!
The stone giant closely misses you. The stone giant barely misses you.
The stone giant throws a large rock.
The large rock hits you!!
You die...

#..#.# ### #####♣.♣#####
#..###♣♣.♣♣ ♣.♣♣♣♣♣♣♣# #..#
#♣.♣.♣# ♣.).....♣# #..#
#.♣♣♣.#♣♣♣♣♣♣♣♣♣♣♣♣♣.♣#
#..###♣.♣.♣#♣.......C...♣)♣#
#....#♣♣.♣♣ ♣.♣♣♣♣♣♣♣♣♣.♣)♣# #
#....#♣#.#♣ ♣.♣ ♣.♣.♣# ##
#....##.#.##♣.♣ ♣°♣.♣# .##
#....#.#ß#.@..♣ ♣.♣).. ..#
#....##.#C##♣.♣ ♣C♣.♣# ..##
#....#♣#)#♣ ♣.♣ ♣.♣.♣# ...#
#....#♣♣.♣♣ ♣.♣ ♣.♣.♣# #..#
#....#♣)♣.♣#♣.♣ ........♣.♣#
##.###....#.♣♣♣.#♣.♣♣♣♣♣♣♣♣♣♣♣.♣#
#...##....#♣.♣.♣#♣....÷....(...♣#
....##....#♣♣.♣♣ ♣♣♣♣♣♣♣.♣♣♣♣♣♣♣#
†..)##..#.# ### ### ♣÷♣# ####


You could see a stone giant.

Vanquished Creatures
  A catoblepas (Lair:5)
  3 hydras
  6 death yaks
  A centaur warrior (D:11)
  A deep troll shaman (Lair:5)
  A boulder beetle (D:11)
  4 two-headed ogres (D:11)
  A tengu warrior (D:11)
  A skeletal warrior (D:11)
  2 lindwurms (Lair:5)
  An orc knight (D:11)
  An ugly thing (D:11)
  A deep elf pyromancer (D:11)
  A wolf spider (D:11)
  A manticore (D:11)
  2 cyclopes (D:11)
  An oklob plant (Lair:2)
  14 elephants
  Joseph (D:8)
  4 black mambas
  A merfolk siren (Lair:2)
  9 cane toads
  Jeremiah (D:8)
  A yaktaur (D:11)
  5 unseen horror zombies (D:8)
  10 komodo dragons
  Psyche (D:8)
  4 trolls
  A troll (shapeshifter) (D:11)
  4 polar bears
  Prince Ribbit (Lair:1)
  19 blink frogs
  2 hornets
  2 vampires (D:11)
  13 yaks
  2 wyverns
  2 culicivoras (Lair:2)
  A wraith (D:11)
  4 steam dragons
  5 basilisks
  Grum (D:8)
  An acid dragon (D:10)
  16 water moccasins
  3 sky beasts
  2 ice beasts
  2 black bears
  9 orc warriors
  2 hornet zombies (D:8)
  An ogre (D:6)
  25 wolves
  5 centaurs
  2 phantoms
  2 kobold brigands
  Blork the orc (D:4)
  9 bullfrogs
  3 wyvern zombies (D:8)
  A gnoll sergeant (D:7)
  5 scorpions
  13 wights
  10 killer bees
  3 howler monkeys
  3 centaur zombies (D:8)
  6 jellies
  A bombardier beetle (D:7)
  7 hounds
  3 orc priests
  A sleepcap (D:6)
  3 iguanas (D:5)
  13 orc wizards
  6 hell rats (Lair:2)
  Natasha (thrice) (D:4)
  3 killer bee zombies (D:8)
  2 howler monkey zombies (D:8)
  6 adders
  16 gnolls
  A shadow imp (D:7)
  2 ribbon worms (D:2)
  6 dart slugs
  21 orcs
  10 ball pythons
  6 bats
  13 endoplasms
  6 giant cockroaches
  6 goblins
  7 hobgoblins
  21 kobolds
  5 quokkas
  A frilled lizard (D:1)
  9 rats
439 creatures vanquished.

Vanquished Creatures (collateral kills)
  A komodo dragon (Lair:2)
  A blink frog (Lair:2)
2 creatures vanquished.

Vanquished Creatures (others)
  An ogre mage (D:11)
  25 foxfires
26 creatures vanquished.

Grand Total: 467 creatures vanquished

Notes
Turn   | Place    | Note
-------+----------+-------------------------------------------
     0 | D:1      | warriortoast the Gargoyle Earth Elementalist began the
                  | quest for the Orb.
     0 | D:1      | Reached XP level 1. HP: 10/10 MP: 3/3
   180 | D:1      | Found Able's Distillery.
   375 | D:1      | Reached XP level 2. HP: 15/15 MP: 5/5
   937 | D:1      | Reached XP level 3. HP: 11/19 MP: 1/6
  1397 | D:2      | Reached XP level 4. HP: 21/24 MP: 1/8
  1595 | D:2      | Reached skill level 3 in Spellcasting
  1646 | D:2      | Learned a level 3 spell: Stone Arrow
  2230 | D:3      | Reached XP level 5. HP: 28/28 MP: 5/9
  2235 | D:3      | Reached skill level 5 in Earth Magic
  2396 | D:3      | Found a radiant altar of Vehumet.
  2670 | D:3      | Identified the +2 leather armour "Odougug" {-Tele Fly Will+
                  | rCorr}
  2699 | D:3      | Found a hide-covered altar of Uskayaw.
  2764 | D:3      | Found a shimmering blue altar of Sif Muna.
  2926 | D:4      | Noticed Natasha
  2927 | D:4      | Killed Natasha
  2963 | D:4      | Noticed an ogre
  2966 | D:4      | Found a transporter.
  2966 | D:4      | Noticed domi's ghost (amateur VSNe)
  2967 | D:4      | Noticed an ogre
  2972 | D:4      | Noticed an ogre
  3016 | D:4      | Reached XP level 6. HP: 32/32 MP: 5/11
  3128 | D:4      | Learned a level 3 spell: Passwall
  3168 | D:4      | Identified the ring "Yxux Xas" {Wiz rC+ Will+}
  3192 | D:4      | Noticed Natasha
  3201 | D:4      | Killed Natasha
  3261 | D:4      | Noticed Blork the orc
  3354 | D:4      | Found a staircase to the Ecumenical Temple.
  3432 | D:4      | Noticed an ice beast
  3441 | D:4      | Noticed Natasha
  3591 | D:3      | Reached skill level 4 in Spellcasting
  3666 | D:4      | Killed Natasha
  3667 | D:4      | Reached XP level 7. HP: 36/36 MP: 10/13
  3955 | D:4      | Found a stormy altar of Qazlal.
  3978 | D:4      | Reached skill level 5 in Conjurations
  4225 | D:4      | Killed Blork the orc
  4656 | D:5      | Entered Level 5 of the Dungeon
  4659 | D:5      | Reached skill level 5 in Spellcasting
  4659 | D:5      | Reached XP level 8. HP: 41/41 MP: 8/15
  5079 | D:5      | Learned a level 4 spell: Brom's Barrelling Boulder
  5779 | D:5      | Found Ylubogg's Assorted Antiques.
  5920 | D:1      | Bought a potion of heal wounds for 50 gold pieces
  5920 | D:1      | Bought a potion of might for 40 gold pieces
  5920 | D:1      | Bought a potion of heal wounds for 50 gold pieces
  5920 | D:1      | Bought a potion of lignification for 30 gold pieces
  6076 | D:5      | Found a broken altar of Ashenzari.
  6193 | D:5      | Learned a level 3 spell: Swiftness
  6335 | D:6      | Reached skill level 6 in Spellcasting
  6549 | D:6      | Reached XP level 9. HP: 45/45 MP: 5/18
  8078 | D:7      | Reached skill level 7 in Spellcasting
  9069 | D:7      | Reached skill level 10 in Earth Magic
  9228 | D:7      | Reached XP level 10. HP: 51/51 MP: 2/21
  9375 | D:7      | Reached skill level 1 in Fighting
  9375 | D:7      | Reached skill level 1 in Maces & Flails
  9432 | D:7      | Found a hazy altar of Hepliaklqana.
 10161 | D:8      | Found Hefokif's Jewellery Shop.
 10161 | D:8      | Found Etror's General Store.
 10312 | D:8      | Reached skill level 5 in Stealth
 10826 | D:8      | Reached skill level 5 in Fighting
 10993 | D:1      | Bought a potion of mutation for 80 gold pieces
 10993 | D:1      | Bought a potion of haste for 100 gold pieces
 11229 | D:8      | Noticed Joseph
 11307 | D:8      | Reached skill level 5 in Maces & Flails
 11590 | D:8      | Found a sacrificial altar of Ru.
 11612 | D:8      | Noticed Jeremiah
 11628 | D:8      | Noticed Psyche
 11654 | D:8      | Killed Psyche
 11726 | D:8      | Killed Jeremiah
 11727 | D:8      | Reached XP level 11. HP: 66/66 MP: 11/22
 11938 | D:8      | Found a staircase to the Lair.
 12250 | D:8      | Killed Joseph
 12370 | D:8      | Noticed Grum
 12379 | D:8      | Killed Grum
 12830 | D:8      | Found a burning altar of Makhleb.
 13344 | D:9      | Found an ancient bone altar of Kikubaaqudgha.
 13883 | D:9      | Reached skill level 1 in Air Magic
 13957 | D:9      | Found a glowing silver altar of Zin.
 14766 | D:10     | Entered Level 10 of the Dungeon
 14879 | D:5      | Bought a scroll of identify for 46 gold pieces
 14952 | D:8      | Bought a scroll of enchant weapon for 112 gold pieces
 15017 | D:10     | Found a shadowy altar of Dithmenos.
 15058 | D:10     | Identified the ring "Ufusmiwk" {+Blink Fly rElec rPois
                  | Stlth-}
 15099 | D:10     | Found a transporter.
 15382 | D:10     | Found a white marble altar of Elyvilon.
 15448 | D:10     | Found a transporter.
 15450 | D:10     | Found Upeot's Assorted Antiques.
 15696 | D:3      | Became a worshipper of Vehumet
 16200 | D:11     | Noticed a cyan ugly thing
 16330 | Lair:1   | Entered Level 1 of the Lair of Beasts
 16390 | Lair:1   | Noticed Prince Ribbit
 16520 | Lair:1   | Killed Prince Ribbit
 16632 | Lair:1   | Reached skill level 10 in Fighting
 16818 | Lair:1   | Reached skill level 1 in Armour
 17125 | Lair:1   | Identified a scroll of acquirement
 17126 | Lair:1   | Acquired a staff of earth
 17270 | Lair:1   | Reached skill level 8 in Spellcasting
 17276 | Lair:1   | Reached XP level 12. HP: 59/77 MP: 5/24
 17637 | Lair:1   | You fall into a shaft and drop 1 floor!
 17950 | Lair:2   | Found a shimmering blue altar of Sif Muna.
 18358 | Lair:2   | Found a hole to the Spider Nest.
 18361 | Lair:2   | Reached * piety under Vehumet
 18361 | Lair:2   | Offered knowledge of Sting by Vehumet.
 18362 | Lair:2   | Reached skill level 5 in Armour
 18540 | Lair:2   | Learned a level 4 spell: Petrify
 18897 | Lair:2   | Reached skill level 9 in Spellcasting
 19261 | Lair:2   | Found a staircase to the Shoals.
 19906 | Lair:3   | Noticed a four-headed hydra
 19963 | Lair:3   | Killed a four-headed hydra
 20468 | Lair:3   | Reached skill level 10 in Spellcasting
 21860 | D:11     | Found a staircase to the Orcish Mines.
 21862 | D:11     | Noticed a boulder beetle
 21929 | D:10     | Bought a scroll of blinking for 232 gold pieces
 22119 | Lair:4   | Reached XP level 13. HP: 82/82 MP: 17/27
 22210 | Lair:4   | Reached skill level 11 in Spellcasting
 22237 | Lair:4   | Reached ** piety under Vehumet
 22385 | Lair:4   | Offered knowledge of Scorch by Vehumet.
 23303 | Lair:3   | Learned a level 6 spell: Plasma Beam
 23455 | Lair:4   | Upgraded the game from 0.32-a0-540-g866d13106e to
                  | 0.32-a0-666-ge8a88695a4
 23563 | Lair:4   | Reached skill level 1 in Fire Magic
 24063 | Lair:5   | Entered Level 5 of the Lair of Beasts
 24218 | Lair:5   | Found a staircase to the Slime Pits.
 24218 | Lair:5   | Found a viscous altar of Jiyva.
 24517 | Lair:5   | Reached skill level 12 in Spellcasting
 24871 | Lair:4   | Learned a level 4 spell: Airstrike
 24873 | Lair:4   | Learned a level 1 spell: Foxfire
 25404 | Lair:5   | Reached skill level 1 in Evocations
 25807 | Lair:5   | Offered knowledge of Mercury Vapours by Vehumet.
 26006 | Lair:5   | Found an iron altar of Okawaru.
 26164 | Lair:5   | Learned a level 2 spell: Mercury Vapours
 27171 | Lair:5   | Reached skill level 10 in Conjurations
 27689 | Lair:5   | Gained mutation: Your large and strong wings let you fly.
                  | [Gargoyle growth]
 27689 | Lair:5   | Reached XP level 14. HP: 46/88 MP: 12/30
 27840 | Lair:5   | Reached skill level 5 in Fire Magic
 27843 | Lair:5   | Learned a level 2 spell: Blink
 27931 | Lair:5   | Got Littovi's Precepts of Unholy Trauma
 28920 | D:11     | Reached *** piety under Vehumet
 29715 | D:11     | Noticed a stone giant
 31964 | D:11     | Noticed a stone giant
 32137 | D:11     | Hit by a large rock thrown by a stone giant

Illustrated notes

Levels and vault maps discovered:
D:1:      amcnicky_arrival_choice, layout_basic, serial_shops, shop,
          minmay_pentomino_p2
D:2:      layout_loops_ring, nicolae_half_adder
D:3:      layout_rooms, vehumet_altar_wand_db, mainiacjoe_overflow_brackets,
          nicolae_sif_muna_little_library, chequers_serial_rivers_room_b,
          serial_bayou_pond_c, chequers_serial_rivers_marsh
D:4:      minmay_wonky_spiral, layout_basic, nicolae_qazlal_scattered_showers,
          minmay_temple_entry_drinking_statues, gammafunk_ghost_smash,
          kennysheep_big_empty_room, serial_bayou_ford_a, minmay_checkerbox,
          uniq_blork_the_orc, uniq_natasha
D:5:      layout_basic, kennysheep_mini_moat, serial_shops, nicolae_shop_stone,
          chequers_serial_rivers_room_b
D:6:      layout_basic
D:7:      minmay_recursive_quarters, layout_basic, general_overflow_altar
D:8:      layout_rooms, mainiacjoe_overflow_alcove_1, lemuel_tele_altar,
          david_lair_shrubbed, serial_undead, serial_undead_e, serial_undead_c,
          serial_undead_b, serial_undead_d, serial_undead_e, serial_undead_e,
          serial_undead_e, serial_undead_d, serial_undead_c, serial_undead_d,
          serial_shops, shop, shop, uniq_psyche, uniq_grum, uniq_joseph,
          uniq_jeremiah
D:9:      layout_loops_ring, kennysheep_little_box, kennysheep_mini
D:10:     layout_roguey, nicolae_dithmenos_shadow_blocks, lemuel_round_altar,
          serial_shops, nicolae_shop_drivethru
D:11:     nzn_winding_woodlands_large [nzn_winding_woodlands_5x5_default,
          nzn_winding_woodlands_5x15_lazy_stream,
          nzn_winding_woodlands_5x5_three,
          nzn_winding_woodlands_center_diamonds,
          nzn_winding_woodlands_15x15_boxy_spiral,
          nzn_winding_woodlands_center_pierced_h,
          nzn_winding_woodlands_5x5_closed_star,
          nzn_winding_woodlands_5x15_twine,
          nzn_winding_woodlands_5x5_open_star], layout_small_grid,
          david_orc_1_choice
Lair:1:   layout_chaotic_city, infiniplex_staircase_pool_2, uniq_prince_ribbit2
Lair:2:   layout_roguey, minmay_shoals_entry_lonely_mermaid,
          spider_nest_entry_rubble, minivault_26, pdpol_lair_neglected_garden,
          chequers_serial_rivers_micro_b, lemuel_oklob_altar
Lair:3:   layout_cave_pods, grunt_megastairs_4
Lair:4:   layout_regular_city, beast_lair_carwin_1, lemuel_fruit_tree
Lair:5:   grunt_lair_end_beastmaster, layout_gridlike,
          nicolae_slime_entry_slimehenge, basic_altar

Skill      XL: |  1  2  3  4  5  6  7  8  9 10 11 12 13 14 |
---------------+-------------------------------------------+-----
Earth Magic    | 4 5 6 7 8 10 | 10.7
Conjurations   | 2 3 4 5 6 8 10 | 10.9
Spellcasting   | 3 4 5 6 7 8 10 12 | 12.9
Fighting       | 6 10 | 10.0
Maces & Flails | 5 |  5.0
Stealth        | 6 |  6.0
Air Magic      | 4 |  4.4
Armour         | 3 8 |  8.0
Fire Magic     | 4 6 |  6.1
Evocations     | 3 4 |  4.6
Dodging        | |  1.6

Action                     |  1- 3 |  4- 6 |  7- 9 | 10-12 | 13-15 || total
---------------------------+-------+-------+-------+-------+-------++-------
  Melee: Mace              |     3 |    18 |     3 |     7 |       ||    31
         Staff             |       |       |       |    21 |     7 ||    28
   Cast: Sandblast         |    47 |    84 |    20 |    14 |   118 ||   283
         Passwall          |       |     3 |     1 |       |       ||     4
         Stone Arrow       |       |       |    95 |   377 |   258 ||   730
         Brom's Barrelling |       |       |    16 |    28 |    14 ||    58
         Swiftness         |       |       |       |     4 |    13 ||    17
         Petrify           |       |       |       |    12 |    16 ||    28
         Airstrike         |       |       |       |       |     9 ||     9
         Foxfire           |       |       |       |       |    17 ||    17
         Mercury Vapours   |       |       |       |       |     1 ||     1
         Blink             |       |       |       |       |     1 ||     1
  Evoke: Wand              |       |       |       |     1 |     6 ||     7
    Use: Scroll            |       |     3 |       |    16 |     6 ||    25
         Potion            |       |       |       |       |     1 ||     1
   Stab: Sleeping          |     1 |       |       |       |       ||     1
 Armour: Robe              |    10 |    64 |    28 |   234 |   292 ||   628
  Dodge: Dodged            |    12 |    58 |    35 |   153 |   230 ||   488
  Block: Other             |       |    19 |    15 |    19 |       ||    53
         Reflection        |       |       |     1 |     3 |       ||     4

Table legend: (Time is in decaauts)
 A = Elapsed time spent in this place.
 B = Non-inter-level travel time spent in this place.
 C = Inter-level travel time spent in this place.
 D = Time resting spent in this place.
 E = Time spent auto-exploring this place.
 F = Levels seen in this place.
 G = Mean time per level.
                   A        B        C        D        E       F      G
               +--------+--------+--------+--------+--------+-----+--------+
         Total |  32353 |  29576 |   2777 |  11040 |  13192 |  16 | 2022.1 |
       Dungeon |  21030 |  18873 |   2157 |   7355 |   8371 |  11 | 1911.8 |
          Lair |  11322 |  10702 |    620 |   3685 |   4821 |   5 | 2264.4 |
               +--------+--------+--------+--------+--------+-----+--------+

Top non-repeatable levels by time:
    D:11: 3404 daAuts
  Lair:4: 3041 daAuts
     D:7: 2956 daAuts
  Lair:5: 2951 daAuts
     D:8: 2335 daAuts
  Lair:2: 2152 daAuts
     D:4: 2000 daAuts
     D:9: 1966 daAuts
  Lair:3: 1862 daAuts
     D:6: 1806 daAuts
    D:10: 1693 daAuts
     D:1: 1536 daAuts
     D:5: 1361 daAuts
  Lair:1: 1315 daAuts
     D:2: 1029 daAuts
